 Dungeon Crawl Stone Soup version 0.31-a0-986-g5e6e4ef867 (webtiles) character file.

Game seed: 13508161663101925259

589 cryptkbanana the Trooper (level 7, -5/55 HPs)
             Began as a Demonspawn Fighter on Nov 18, 2023.
             Was an Initiate of Yredelemnul.
             Slain by an ogre
             ... wielding a +0 giant club
              (14 damage)
             ... on level 4 of the Dungeon.
             The game lasted 00:25:21 (3503 turns).

cryptkbanana the Trooper (Demonspawn Fighter)       Turns: 3503, Time: 00:25:23

Health: -5/55      AC: 12    Str: 18    XL:     7   Next: 15%
Magic:  0/10       EV:  4    Int: 13    God:    Yredelemnul [......]
Gold:   172        SH: 13    Dex: 13    Spells: 10/10 levels left

rFire   . . .        a - +0 long sword (freeze)
rCold   + + +        h - +0 tower shield of Xeucoov {rC++ Int+4}
rNeg    . . .        p - +0 chain mail
rPois   .            (no helmet)
rElec   .            i - +0 cloak
rCorr   .            (no gloves)
SInv    .            (no boots)
Will    .....        (no amulet) Stlth
                     b - ring of protection from cold
HPRegen 0.29/turn    (no ring)
MPRegen 0.24/turn

%: guardian spirit
@: mighty
A: claws 1, icy blue scales 1, magic shield, magic regeneration, noise
suppression
a: Renounce Religion, Recall Undead Harvest


You were on level 4 of the Dungeon.
You worshipped Yredelemnul.
Yredelemnul was noncommittal.
You visited 1 branch of the dungeon, and saw 4 of its levels.

You collected 172 gold pieces.

Inventory:

Hand Weapons
 a - a +0 long sword of freezing (weapon)
 e - a +1 dagger of electrocution
 g - a +4 quarterstaff of chaos
 k - a +0 dagger of protection
Armour
 c - a +0 buckler
 h - the +0 tower shield of Xeucoov (worn) {rC++ Int+4}
   (You took it off an orc on level 3 of the Dungeon)

   Int+4:     It affects your intelligence (+4).
   rC++:      It greatly protects you from cold.
 i - a +0 cloak (worn)
 p - a +0 chain mail (worn)
Jewellery
 b - a ring of protection from cold (left claw)
Wands
 o - a wand of iceblast (6)
Scrolls
 f - a scroll of brand weapon
 j - a scroll of summoning {unknown}
 l - 3 scrolls of teleportation {unknown}
 m - 2 scrolls of amnesia {unknown}
 n - a scroll of noise {unknown}
 q - a scroll of torment {unknown}


   Skills:
 + Level 4.5 Fighting
 + Level 3.6 Long Blades
 - Level 3.2 Armour
 + Level 4.2 Shields
 + Level 2.2 Spellcasting
 + Level 2.6 Evocations


You had 10 spell levels left.
You didn't know any spells.
Your spell library contained the following spells:

 Spells                   Type           Power      Damage    Failure   Level
 Poisonous Vapours        Pois/Air       2%         N/A       100%        2
 Mephitic Cloud           Conj/Pois/Air  1%         N/A       100%        3
 Ozocubu's Armour         Ice            1%         N/A       100%        3
 Stone Arrow              Conj/Erth      2%         3d7       100%        3
 Animate Armour           Summ/Erth      2%         N/A       100%        4
 Freezing Cloud           Conj/Ice/Air   0%         6-21      100%        5
 Ozocubu's Refrigeration  Ice            0%         4d7       100%        7
 Lehudib's Crystal Spear  Conj/Erth      0%         10d2      100%        8


Dungeon Overview and Level Annotations

Branches:
Dungeon (4/15)
 Temple: D:4-7

Altars:
Ru
Xom
Yredelemnul

Annotations:
D:4 1 transporter, Waxwing's ghost, amateur OgFE


Innate Abilities, Weirdness & Mutations

You have sharp fingernails.
You are partially covered in icy blue scales. (AC +2)
When hurt, damage is shared between your health and your magic reserves.
You regenerate magic rapidly.
You passively dampen the noise of your surroundings.


Message History

The ogre is almost dead.
You block the ogre's attack.
You hit the ogre but do no damage.
The ogre is almost dead.
The ogre barely misses you. You block the ogre's attack.
You slash the ogre! You freeze the ogre.
You kill the ogre!
You block the ogre's attack. You block Waxwing's ghost's attack.
You have reached level 7!
You feel better.
Waxwing's ghost hits you but does no damage.
You block the ogre's attack.
You hit Waxwing's ghost. You freeze Waxwing's ghost.
Waxwing's ghost is lightly damaged.
Waxwing's ghost hits you but does no damage.
The ogre hits you with a +0 giant club!!
You hit Waxwing's ghost. You freeze Waxwing's ghost.
Waxwing's ghost is moderately damaged.
Waxwing's ghost hits you.
* * * LOW HITPOINT WARNING * * *
Waxwing's ghost burns you.
* * * LOW HITPOINT WARNING * * *
You block the ogre's attack. You block Waxwing's ghost's attack.
Okay, then.
You feel very mighty all of a sudden.
Waxwing's ghost's fingertips begin to glow.
You block Waxwing's ghost's attack.
You slash Waxwing's ghost! You freeze Waxwing's ghost!
Waxwing's ghost is severely damaged.
You block the ogre's attack.
Waxwing's ghost hits you but does no damage.
You slash Waxwing's ghost! You freeze Waxwing's ghost.
Waxwing's ghost is almost destroyed.
Waxwing's ghost hits you.
* * * LOW HITPOINT WARNING * * *
Waxwing's ghost burns you.
* * * LOW HITPOINT WARNING * * *
The ogre hits you with a +0 giant club!
You die...
Your body rises from the dead as a mindless zombie.

#......#####..##....
#...........#......#
#......##...........
#########.....Z.........
#...........####..#._#..
#.........###.........##
#.........# #...........
##############
#........##.
#.....©.)W@.#
#####..#####
#..##...##O.# ##.## #
#..#.#..#.# ###..#
#.#..#W#..#.# ##...##
#..##...##..# #..###
#.....($.O.©####.##
##############....#
#.....©.©......####
...........(..#


You could see an ogre and Waxwing's ghost.

Vanquished Creatures
  Menkaure (D:4)
  An ice beast (D:4)
  2 ogres (D:4)
  An orc priest (D:3)
  Crazy Yiuf (D:2)
  Terence (D:2)
  A sleepcap (D:4)
  2 worms (D:2)
  2 dart slugs
  10 orcs (D:3)
  6 bats
  2 endoplasms (D:3)
  2 giant cockroaches
  8 goblins
  4 hobgoblins
  4 jackals (D:1)
  8 kobolds
  5 quokkas
  6 ball pythons
  A frilled lizard (D:1)
  7 rats
75 creatures vanquished.

Vanquished Creatures (others)
  An ogre zombie (D:4)
  A ball python zombie (D:4)
  A hobgoblin zombie (D:4)
  A kobold zombie (D:4)
4 creatures vanquished.

Grand Total: 79 creatures vanquished

Notes
Turn   | Place    | Note
-------+----------+-------------------------------------------
     0 | D:1      | cryptkbanana the Demonspawn Fighter began the quest for the
                  | Orb.
     0 | D:1      | Reached XP level 1. HP: 18/18 MP: 1/1
   108 | D:1      | Gained mutation: You regenerate magic rapidly. [demonic
                  | ancestry]
   108 | D:1      | Reached XP level 2. HP: 7/24 MP: 2/2
   908 | D:2      | Gained mutation: You are partially covered in icy blue
                  | scales. (AC +2) [demonic ancestry]
   908 | D:2      | Reached XP level 3. HP: 29/29 MP: 3/3
  1026 | D:2      | Found a runed translucent door.
  1027 | D:2      | Noticed Crazy Yiuf
  1034 | D:2      | Killed Crazy Yiuf
  1087 | D:2      | Gained mutation: You have sharp fingernails. [demonic
                  | ancestry]
  1087 | D:2      | Reached XP level 4. HP: 35/35 MP: 4/4
  1587 | D:2      | Found a shimmering altar of Xom.
  2029 | D:2      | Noticed Terence
  2046 | D:2      | Killed Terence
  2392 | D:3      | Gained mutation: You passively dampen the noise of your
                  | surroundings. [potion of mutation]
  2791 | D:3      | Identified the +0 tower shield of Xeucoov {rC++ Int+4}
  2813 | D:3      | Gained mutation: When hurt, damage is shared between your
                  | health and your magic reserves. [demonic ancestry]
  2813 | D:3      | Reached XP level 5. HP: 24/42 MP: 5/5
  2815 | D:3      | Reached skill level 1 in Evocations
  3094 | D:4      | Found a basalt altar of Yredelemnul.
  3104 | D:4      | Became a worshipper of Yredelemnul the Dark
  3169 | D:4      | Noticed Menkaure
  3175 | D:4      | Killed Menkaure
  3176 | D:4      | Reached skill level 1 in Spellcasting
  3176 | D:4      | Reached XP level 6. HP: 21/48 MP: 2/8
  3375 | D:4      | Noticed an ice beast
  3378 | D:4      | Found a sacrificial altar of Ru.
  3396 | D:4      | Killed an ice beast
  3471 | D:4      | Found a transporter.
  3473 | D:4      | Found a transporter.
  3474 | D:4      | Noticed Waxwing's ghost (amateur OgFE)
  3488 | D:4      | Reached * piety under Yredelemnul
  3498 | D:4      | Reached XP level 7. HP: 24/55 MP: 5/10
  3503 | D:4      | Slain by an ogre

Illustrated notes

Levels and vault maps discovered:
D:1:      eino_arrival_druids_welcome, layout_loops_cross
D:2:      layout_loops_corners, basic_altar, nicolae_underground_beach,
          uniq_terence, uniq_crazy_yiuf_cottage
D:3:      layout_loops_ring
D:4:      kennysheep_spiral_hall, layout_rooms, overflow_temple_1_default,
          overflow_temple_1_default, gammafunk_ghost_smash,
          wad_floor_pattern_untrapped, chequers_serial_rivers_micro_d,
          amcnicky_mini_rare_corridor_liquid, uniq_menkaure, uniq_blork_the_orc

Skill      XL: |  1  2  3  4  5  6 |
---------------+-------------------+-----
Long Blades    | 2 3 |  3.6
Armour         | 3 |  3.2
Shields        | 3 4 |  4.2
Evocations     | 1 2 |  2.6
Fighting       | 4 |  4.5
Spellcasting   | 1 2 |  2.2

Action                     |  1- 3 |  4- 6 |  7- 9 || total
---------------------------+-------+-------+-------++-------
  Melee: Long sword        |    99 |   142 |     4 ||   245
  Evoke: Wand              |       |     8 |       ||     8
    Use: Scroll            |     2 |       |       ||     2
         Potion            |     2 |     3 |     2 ||     7
 Armour: Scale mail        |    76 |    42 |       ||   118
         Chain mail        |       |    53 |     7 ||    60
  Dodge: Dodged            |    50 |    48 |       ||    98
  Block: Buckler           |    25 |    25 |       ||    50
         Tower shield      |       |    28 |     5 ||    33

Table legend: (Time is in decaauts)
 A = Elapsed time spent in this place.
 B = Non-inter-level travel time spent in this place.
 C = Inter-level travel time spent in this place.
 D = Time resting spent in this place.
 E = Time spent auto-exploring this place.
 F = Levels seen in this place.
 G = Mean time per level.
                   A        B        C        D        E       F      G
               +--------+--------+--------+--------+--------+-----+--------+
         Total |   3591 |   3591 |      0 |    300 |   1705 |   4 |  897.8 |
       Dungeon |   3591 |   3591 |      0 |    300 |   1705 |   4 |  897.8 |
               +--------+--------+--------+--------+--------+-----+--------+

Top non-repeatable levels by time:
     D:2: 1464 daAuts
     D:1: 929 daAuts
     D:3: 736 daAuts
     D:4: 461 daAuts
